 Dungeon Crawl Stone Soup version 0.27-a0-1557-g57f10a385c (webtiles) character file.

Game seed: 6246095620678940302

52 nothank2 the Firebug (level 3, -3/26 HPs)
             Began as a Draconian Fire Elementalist on July 16, 2021.
             Slain by Sigmund (12 damage)
             ... on level 3 of the Dungeon.
             The game lasted 00:04:19 (2770 turns).

nothank2 the Firebug (Draconian Fire Elementalist)  Turns: 2770, Time: 00:04:20

Health: -3/26      AC:  5    Str: 10    XL:     3   Next: 60%
Magic:  2/7        EV: 12    Int: 16    God:
Gold:   67         SH:  0    Dex: 11    Spells: 6/7 levels left

rFire    . . .     SeeInvis .   a - +0 dagger
rCold    . . .     Faith    .   (no shield)
rNeg     . . .     Spirit   .   (armour unavailable)
rPois    .         Reflect  .   (helmet restricted)
rElec    .         Harm     .   (no cloak)
rCorr    .         Rampage  .   (no gloves)
Will     .....                  (no boots)
Stlth    ++........             (no amulet)
HPRegen  0.08/turn              (no ring)
MPRegen  0.10/turn              (no ring)

@: no status effects
A: AC +5, unfitting armour, cold-blooded
a: no special abilities


You were on level 3 of the Dungeon.
You visited 1 branch of the dungeon, and saw 3 of its levels.

You collected 67 gold pieces.

Inventory:

Hand Weapons
 a - a +0 dagger (weapon)
Scrolls
 b - 2 scrolls of teleportation {unknown}
 c - 2 scrolls of brand weapon {unknown}
 d - 2 scrolls of immolation {unknown}
 e - 2 scrolls of identify {unknown}
 g - a scroll of vulnerability {unknown}
 i - a scroll of fog {unknown}
 j - a scroll of amnesia {unknown}
Potions
 f - a potion of berserk rage {unknown}
 h - a potion of flight {unknown}


   Skills:
 - Level 1.7 Dodging
 - Level 1.7 Stealth
 + Level 2.7 Spellcasting
 + Level 2.1 Conjurations
 + Level 3.6 Fire Magic


You had 6 spell levels left.
You knew the following spells:

 Your Spells              Type           Power      Damage    Failure   Level
a - Foxfire               Conj/Fire      44%        2x1d6     6%          1

Your spell library contained the following spells:

 Spells                   Type           Power      Damage    Failure   Level
 Conjure Flame            Conj/Fire      11%        6-21      19%         3
 Inner Flame              Hex/Fire       7%         N/A       28%         3
 Sticky Flame             Conj/Fire      11%        2d3       52%         4
 Fulminant Prism          Conj/Hex       2%         3d6       77%         4
 Iskenderun's Mystic Bla  Conj/Tloc      5%         2d3       77%         4
 Fireball                 Conj/Fire      5%         3d5       86%         5
 Lee's Rapid Deconstruct  Erth           1%         3d5*      99%         5


Dungeon Overview and Level Annotations

Branches:
Dungeon (3/15)

Altars:
Makhleb
Wu Jian

Annotations:
D:3 Sigmund


Innate Abilities, Weirdness & Mutations

Your plain brown scales are hard. (AC +5)
You cannot fit into any form of body armour.
You are cold-blooded and may be slowed by cold attacks.


Message History

You are no longer poisoned.
Your foxfire dissipates!
Found 5 gold pieces.
d - 2 scrolls labelled ZUACSY OTIF (gained 1)
You now have 67 gold pieces (gained 5).
Found a scroll labelled RENUIREAMY.
Found an escape hatch in the ceiling.
Found 8 gold pieces.
j - a scroll labelled RENUIREAMY
Found 9 gold pieces.
A worm and Sigmund come into view.
Found 14 gold pieces.
Sigmund shouts!
You see here 8 gold pieces.
You conjure some foxfire!
The foxfire hits Sigmund.
Sigmund is lightly wounded.
The foxfire hits Sigmund.
Sigmund is lightly wounded.
Sigmund misses you.
You conjure some foxfire!
You hear the slow rusting of a drain.
Sigmund completely misses you.
The foxfire hits Sigmund.
Sigmund is moderately wounded.
Sigmund closely misses you.
The foxfire hits Sigmund.
Sigmund is moderately wounded.
You conjure some foxfire!
Sigmund barely misses you.
The foxfire hits the worm.
The worm is moderately wounded.
The foxfire hits Sigmund.
Sigmund is moderately wounded.
Sigmund points at you and mumbles some strange words.
The magic dart hits you!
You are too injured to fight recklessly!
Casting: Foxfire (safe; 6% risk of failure)
Press: ? - help, Q - select action Dir - look around, f - activate You conjure some foxfire!
Sigmund hits you from afar with a +0 scythe!
You die...

#....## .. #..<.. .$
#....## .# #. ..... .#
#.# #.#.# .# #.# ##.#.#
##.##
#.#####....####...##.#.
#.##............v.w....
#.#...#########@v.##.$.
##.#..## ##.## #.....#
@.# ......# ...#
......# ....# .....(#
...... ......# .......
......# ..##+++ ......#


You could see Sigmund and a worm (ally target).

Vanquished Creatures
  An adder (D:3)
  A worm (D:2)
  2 dart slugs (D:1)
  7 endoplasms
  A giant cockroach (D:1)
  A quokka (D:1)
  4 ball pythons (D:1)
  5 bats
  3 frilled lizards
  5 goblins
  4 kobolds
  2 rats (D:1)
36 creatures vanquished.

Vanquished Creatures (others)
  73 foxfires
73 creatures vanquished.

Grand Total: 109 creatures vanquished

Notes
Turn   | Place    | Note
-------+----------+-------------------------------------------
     0 | D:1      | nothank2 the Draconian Fire Elementalist began the quest
                  | for the Orb.
     0 | D:1      | Reached XP level 1. HP: 14/14 MP: 3/3
   318 | D:1      | Reached XP level 2. HP: 20/20 MP: 3/5
  1588 | D:2      | Reached XP level 3. HP: 10/26 MP: 0/6
  2123 | D:2      | Found a burning altar of Makhleb.
  2674 | D:3      | Found an ornate altar of the Wu Jian Council.
  2762 | D:3      | Noticed Sigmund
  2770 | D:3      | Slain by Sigmund

Illustrated notes

Levels and vault maps discovered:
D:1:      erik_arrival_cave_to_civilisation [erik_arrival_cave_to_hall],
          layout_basic, minmay_misc_feat_pillars
D:2:      layout_basic, serial_forest, infiniplex_forest_diagonal,
          infiniplex_forest_lined_3, infiniplex_forest_straight_2,
          infiniplex_forest_lined_room_, infiniplex_forest_lined_room_,
          infiniplex_forest_pool, infiniplex_forest_lined_3, basic_altar
D:3:      layout_loops_ring, good_gods_mini_temple,
          nicolae_wu_jian_immortal_techniques, gup_sewer_entry_spiral,
          minmay_shallow_snake_nest, uniq_sigmund

Skill      XL: |  1  2  3 |
---------------+----------+-----
Conjurations   | 2 |  2.1
Dodging        | |  1.7
Stealth        | |  1.7
Spellcasting   | |  2.7
Fire Magic     | |  3.6

Action                   || total
-------------------------++-------
Melee: Dagger            ||    43
       Tailslap          ||     7
 Cast: Foxfire           ||    46
Armor: Skin              ||    18
Dodge: Dodged            ||    35

Table legend: (Time is in decaauts)
 A = Elapsed time spent in this place.
 B = Non-inter-level travel time spent in this place.
 C = Inter-level travel time spent in this place.
 D = Time resting spent in this place.
 E = Time spent auto-exploring this place.
 F = Levels seen in this place.
 G = Mean time per level.
                   A        B        C        D        E       F      G
               +--------+--------+--------+--------+--------+-----+--------+
         Total |   2772 |   2722 |     50 |     54 |   2339 |   3 |  924.0 |
       Dungeon |   2772 |   2722 |     50 |     54 |   2339 |   3 |  924.0 |
               +--------+--------+--------+--------+--------+-----+--------+

Top non-repeatable levels by time:
     D:1: 1471 daAuts
     D:2: 1144 daAuts
     D:3: 155 daAuts
